 Dungeon Crawl Stone Soup version 0.26.0-15-gc6cd9f700b (webtiles) character file.

Game seed: 14338342485780252809

37 ythm the Chucker (level 3, -1/31 (33) HPs)
             Began as a Troll Hunter on Jan 17, 2021.
             Slain by a goblin
             ... wielding a +0 club
             ... led by Robin
              (5 damage)
             ... on level 4 of the Dungeon.
             The game lasted 00:03:34 (866 turns).

ythm the Chucker (Troll Hunter)                      Turns: 866, Time: 00:03:35

HP:   -1/31 (33)    AC:  6    Str: 20    XL:     3   Next: 23%
MP:   2/2           EV: 10    Int:  7    God:
Gold: 58            SH:  0    Dex: 11    Spells: 2/2 levels left

rFire    . . .     SeeInvis .     - Unarmed
rCold    . . .     Faith    .   (no shield)
rNeg     . . .     Spirit   .   b - +0 robe
rPois    .         Reflect  .   (helmet restricted)
rElec    .         Harm     .   (no cloak)
rCorr    .         Rampage  .   (gloves unavailable)
Will     .....                  (boots unavailable)
Stlth    +.........             (no amulet)
HPRegen  0.50/turn              (no ring)
MPRegen  0.08/turn              (no ring)

@: drained
A: large, unfitting armour, claws 3, regeneration 1, shaggy fur 1, tough skin 3
a: no special abilities


You were on level 4 of the Dungeon.
You visited 1 branch of the dungeon, and saw 3 of its levels.

You collected 58 gold pieces.

Inventory:

Missiles
 c - 5 large rocks (quivered)
 d - 2 throwing nets
 j - 8 javelins
 l - 7 poisoned darts
Armour
 b - a +0 robe (worn)
Scrolls
 a - 2 scrolls of teleportation {unknown}
 g - a scroll of enchant weapon {unknown}
 h - a scroll of remove curse {unknown}
 i - 2 scrolls of amnesia {unknown}
 k - a scroll of identify {unknown}
Potions
 e - a potion of might {unknown}
 f - a potion of flight {unknown}
 m - 2 potions of cancellation {unknown}


   Skills:
 - Level 1.5 Fighting
 - Level 3.6 Throwing
 - Level 1.5 Dodging
 - Level 0.3 Stealth
 + Level 3.0 Unarmed Combat


You had 2 spell levels left.
You didn't know any spells.
Your spell library was empty.

Dungeon Overview and Level Annotations

Branches:
Dungeon (2/15)

Altars:
Hepliaklqana

Annotations:
D:4 Blork the orc, Robin


Innate Abilities, Weirdness & Mutations

You are too large for most types of armour.
You have claws for hands.
Your natural rate of healing is unusually fast.
You are covered in fur. (AC +1)
You have extremely tough skin. (AC +3)


Message History

The goblin is heavily wounded.
The goblin barely misses you. The goblin hits you with a +0 club.
* * * LOW HITPOINT WARNING * * *
The goblin closely misses you.
Unknown command.
You scratch the goblin.
You kill the goblin!
The goblin hits you but does no damage. The goblin closely misses you.
Unknown command.
You claw the hobgoblin!
You kill the hobgoblin!
The goblin hits you but does no damage. The goblin hits you.
* * * LOW HITPOINT WARNING * * *
Your Unarmed Combat skill increases to level 3!
Unknown command.
You claw the goblin!
You kill the goblin!
The goblin no longer looks unusually strong.
The goblin hits you with a +0 club.
You die...

####### #.....#
#.....###################
.........................
#.....###########.######
####### ##.###### .#
#gZg....# .# #@#.##..# .#
#g#..# # .# #{g.(# .###
.....# .†.# ....#..# ##.#
g....#..# .#.# ......#
..# .#.# ....$..# .# ...#
#.......# ..


You could see Robin, 3 goblins and an adder skeleton.

Vanquished Creatures
  An adder (D:4)
  A worm (D:2)
  A dart slug (D:1)
  3 giant cockroaches (D:1)
  8 goblins
  3 hobgoblins
  2 kobolds (D:1)
  2 frilled lizards (D:1)
  A quokka skeleton (D:4)
  A rat (D:1)
23 creatures vanquished.

Notes
Turn   | Place    | Note
-------+----------+-------------------------------------------
     0 | D:1      | ythm the Troll Hunter began the quest for the Orb.
     0 | D:1      | Reached XP level 1. HP: 19/19 MP: 0/0
   190 | D:1      | Reached skill level 1 in Unarmed Combat
   263 | D:1      | Reached XP level 2. HP: 26/27 MP: 1/1
   682 | D:2      | Found a hazy altar of Hepliaklqana.
   773 | D:2      | You fall into a shaft and drop 2 floors!
   781 | D:4      | Reached XP level 3. HP: 33/33 MP: 2/2
   846 | D:4      | Noticed Blork the orc
   847 | D:4      | Noticed Robin
   866 | D:4      | Slain by a goblin

Illustrated notes

Levels and vault maps discovered:
D:1:      lordsloth_arrival_two_stooges, layout_basic
D:2:      layout_basic, overflow_temple_1_default, grunt_dithmenos_smoke
D:4:      layout_basic, kennysheep_mini, uniq_blork_the_orc, uniq_eustachio,
          uniq_menkaure, uniq_robin

Skill      XL: |  1  2  3 |
---------------+----------+-----
Unarmed Combat | 1 2 3 |  3.0
Fighting       | |  1.5
Throwing       | |  3.6
Dodging        | |  1.5
Stealth        | |  0.3

Action                   || total
-------------------------++-------
Melee: Unarmed           ||    66
 Stab: Sleeping          ||     1
Armor: Robe              ||    19
Dodge: Dodged            ||    41
